[Event "Titled Tuesday Blitz April 4 Late 2023"]
[White "Kashefi, Amir Hosein"]
[Black "Wang, Alexander J"]
[WhiteFideId "12557935"]
[BlackFideId "30955270"]
[WhiteElo "2064"]
[BlackElo "2281"]
[Result "0-1"]
[Round "02"]
[TimeControl "180+2"]
[Date "2023.04.04"]
[WhiteClock "0:00:02"]
[BlackClock "0:00:41"]

1. e4 c5 2. Nf3 e6 3. g3 Nc6 4. Bg2 Nf6 5. d3 d5 6. Nbd2 Be7 7. O-O O-O 8. Qe2 b6 9. Re1 Bb7 10. e5 Nd7 11. Nf1 d4 12. h4 Re8 13. Bf4 Nf8 14. N1h2 Ng6 15. h5 Nxf4 16. gxf4 g6 17. Kh1 Bf8 18. Ng4 Bg7 19. h6 Bh8 20. Ng5 Rb8 21. Rg1 Ne7 22. Bxb7 Rxb7 23. Qf3 Nd5 24. c4 dxc3 25. bxc3 Rc7 26. c4 Nb4 27. Ne4 Rf8 28. Rg3 f5 29. exf6 Qd4 30. Rag1 Bxf6 31. Ngxf6+ Rxf6 32. Nxf6+ Qxf6 0-1


[Site "https://www.chess.com"]

[Event "Titled Tuesday Blitz April 4 Late 2023"]
[White "Koc, Przemyslaw"]
[Black "Kalajzic, Ivan"]
[WhiteFideId "1109081"]
[BlackFideId "14506378"]
[WhiteElo "2161"]
[BlackElo "2203"]
[Result "1-0"]
[Round "02"]
[TimeControl "180+2"]
[Date "2023.04.04"]
[WhiteClock "0:01:32"]
[BlackClock "0:00:07"]

1. Nf3 Nc6 2. d4 d5 3. e3 Nf6 4. b3 Bg4 5. Be2 Bxf3 6. Bxf3 e5 7. dxe5 Nxe5 8. Be2 Bd6 9. O-O O-O 10. Bb2 c6 11. Nd2 Qc7 12. h3 Rae8 13. Rc1 Ne4 14. Nxe4 dxe4 15. Qd4 f5 16. Rfd1 Rd8 17. Qxa7 f4 18. exf4 Rxf4 19. Qe3 Rdf8 20. Rf1 b5 21. c4 bxc4 22. Bxc4+ Nxc4 23. Rxc4 Qe7 24. Rxc6 Bb8 25. Bd4 Qf7 26. Qe2 Qd5 27. Qc4 Qxc4 28. Rxc4 g5 29. Be3 R4f5 30. Rxe4 h5 31. a4 Bd6 32. b4 Rb8 33. b5 Rd5 34. Rd4 Rxd4 35. Bxd4 g4 36. hxg4 hxg4 37. g3 Kf7 38. Re1 Ra8 39. Ra1 Ke6 40. a5 Kd5 41. Be3 Ke4 42. Kg2 Bb4 43. a6 Bc3 44. Ra4+ Kd3 45. b6 Kc2 46. b7 Rh8 47. a7 1-0


[Site "https://www.chess.com"]

[Event "Titled Tuesday Blitz April 4 Late 2023"]
[White "Briscoe, Chris"]
[Black "Makaraci, Tunahan"]
[WhiteFideId "408360"]
[BlackFideId "6356559"]
[WhiteElo "2111"]
[BlackElo "2160"]
[Result "0-1"]
[Round "02"]
[TimeControl "180+2"]
[Date "2023.04.04"]
[WhiteClock "0:02:03"]
[BlackClock "0:02:31"]

1. e4 Nf6 2. e5 Nd5 3. Nc3 Nxc3 4. dxc3 d6 5. Bc4 Nc6 6. Nf3 dxe5 7. Qe2 f6 8. O-O e6 9. Bb5 Bd7 10. Rd1 Bd6 0-1


[Site "https://www.chess.com"]

[Event "Titled Tuesday Blitz April 4 Late 2023"]
[White "Przybylski, Wojciech"]
[Black "Benmesbah, Natacha"]
[WhiteFideId "1117599"]
[BlackFideId "642002"]
[WhiteElo "2222"]
[BlackElo "2263"]
[Result "1-0"]
[Round "02"]
[TimeControl "180+2"]
[Date "2023.04.04"]
[WhiteClock "0:00:09"]
[BlackClock "0:00:12"]

1. e4 c5 2. Nf3 Nc6 3. Bb5 Nf6 4. Nc3 Qc7 5. O-O d6 6. h3 e5 7. Nd5 Nxd5 8. exd5 a6 9. Bd3 Nb4 10. Bc4 b5 11. Bb3 c4 12. a3 Nxd5 13. Ba2 Be7 14. d3 Bb7 15. Qe2 O-O 16. dxc4 bxc4 17. Bxc4 Rac8 18. Bb3 Kh8 19. Re1 f5 20. Bd2 Bf6 21. c3 Rce8 22. Rad1 e4 23. Nd4 Be5 24. Qh5 g6 25. Qh4 Bf6 26. Bg5 Bxg5 27. Qxg5 Qe7 28. Qxe7 Nxe7 29. Ne6 Rf6 30. Rxd6 Nc8 31. Rd7 Bc6 32. Rc7 Ba8 33. Ng5 Ne7 34. Rd1 h6 35. Rdd7 hxg5 36. Rxe7 Rxe7 37. Rxe7 Bc6 38. Rc7 f4 39. Re7 Rd6 40. Kh2 Bd5 41. Re8+ Kg7 42. Bxd5 Rxd5 43. Rxe4 Rd2 44. Re7+ Kf6 45. Ra7 Rxf2 46. Rxa6+ Kf5 47. Ra5+ Kf6 48. Kg1 Rxb2 49. c4 Rc2 50. Rc5 Rc3 51. a4 f3 52. gxf3 Rxf3 53. Kg2 Ra3 54. a5 Ke6 55. Rxg5 Kd6 56. Rxg6+ Kc5 57. Rg5+ Kxc4 58. h4 Kb4 59. h5 Ra2+ 60. Kg3 Ra1 61. Kf4 Rh1 62. Kf5 Rf1+ 63. Kg6 Rh1 64. h6 Ka4 65. h7 Kb4 66. Kg7 Ka4 67. h8=Q Rxh8 68. Kxh8 Kb4 69. Kg7 Kc4 70. Kg8 Kb4 71. Kf7 Kc4 72. Kf8 Kb4 73. Ke7 Kc4 74. Ke6 Kb4 75. Kd6 Kc4 76. Rf5 Kb4 1-0


[Site "https://www.chess.com"]

[Event "Titled Tuesday Blitz April 4 Late 2023"]
[White "Coelho, Ramyres Santana"]
[Black "Papayan, Oleg"]
[WhiteFideId "2120690"]
[BlackFideId "4193911"]
[WhiteElo "1888"]
[BlackElo "2153"]
[Result "0-1"]
[Round "02"]
[TimeControl "180+2"]
[Date "2023.04.04"]
[WhiteClock "0:00:48"]
[BlackClock "0:00:21"]

1. e4 d5 2. exd5 Qxd5 3. Nc3 Qa5 4. Nf3 Nf6 5. d4 Bf5 6. Bd2 e6 7. Bc4 Bb4 8. O-O Nbd7 9. a3 Bxc3 10. Bxc3 Qb6 11. a4 a5 12. Ne5 Nxe5 13. dxe5 Rd8 14. Qxd8+ Kxd8 15. exf6 g5 16. Rad1+ Kc8 17. Rd2 Rd8 18. Rxd8+ Kxd8 19. Rd1+ Kc8 20. Bb5 c6 21. Bf1 Bxc2 22. Rd2 Be4 23. Bd4 Qb4 24. Bc3 Qxa4 25. Rd4 Qc2 26. Bxa5 Bd5 27. Bc3 Qc1 28. h3 e5 29. Rxd5 cxd5 30. Bxe5 Kd7 31. Bd4 Ke6 32. f3 h5 33. Kf2 Qc2+ 34. Be2 h4 35. Be3 Kxf6 36. Bd4+ Kg6 37. Ke3 f5 38. Bc3 Qc1+ 39. Kf2 Qf4 40. Bd3 d4 41. Be1 Qe3+ 42. Kf1 Qxd3+ 43. Kg1 b5 44. Kh2 Qe2 45. Bb4 Qxb2 46. Bd6 d3 47. Be5 Qxe5+ 48. Kg1 Qe1+ 49. Kh2 Qg3+ 50. Kg1 d2 51. Kf1 d1=Q# 0-1


[Site "https://www.chess.com"]

[Event "Titled Tuesday Blitz April 4 Late 2023"]
[White "Pires, Marcos Vinicius Torsani"]
[Black "Ward, Ieuan C"]
[WhiteFideId "2118939"]
[BlackFideId "406627"]
[WhiteElo "2273"]
[BlackElo "2268"]
[Result "1-0"]
[Round "02"]
[TimeControl "180+2"]
[Date "2023.04.04"]
[WhiteClock "0:01:32"]
[BlackClock "0:00:39"]

1. d4 Nf6 2. Bf4 d5 3. e3 e6 4. Nf3 c5 5. c3 Bd6 6. Bg3 Nc6 7. Nbd2 O-O 8. Bd3 Re8 9. Ne5 Qc7 10. f4 a6 11. Bh4 Nd7 12. Bxh7+ Kf8 13. Bd3 Ndxe5 14. fxe5 Be7 15. Bg3 g6 16. O-O Kg7 17. Qf3 Bg5 18. Bf4 Bxf4 19. Qxf4 Qe7 20. Rf2 cxd4 21. exd4 Rh8 22. Raf1 Nd8 23. Nf3 Bd7 24. Ng5 Be8 25. Qg3 Rh5 26. Nh3 Bb5 27. Bxb5 axb5 28. a3 Rf5 29. Rxf5 exf5 30. Rxf5 b4 31. axb4 Ra2 32. Rf2 Ra1+ 33. Rf1 Ra2 34. Qf2 Ne6 35. Qd2 Qh4 36. Qf2 Qxf2+ 37. Rxf2 Ra1+ 38. Rf1 Ra2 39. Rb1 f6 40. exf6+ Kxf6 41. Kf2 Kf5 42. Kf3 Ng5+ 43. Nxg5 Kxg5 44. g3 b5 45. h4+ Kf5 46. g4+ Kf6 47. Kf4 Kf7 48. Ke5 1-0


[Site "https://www.chess.com"]

[Event "Titled Tuesday Blitz April 4 Late 2023"]
[White "Vemparala, Nikash"]
[Black "Shapiro, Viktor"]
[WhiteFideId "30960967"]
[BlackFideId "4175700"]
[WhiteElo "2023"]
[BlackElo "2152"]
[Result "0-1"]
[Round "02"]
[TimeControl "180+2"]
[Date "2023.04.04"]
[WhiteClock "0:00:01"]
[BlackClock "0:00:29"]

1. e4 Nf6 2. e5 Nd5 3. d4 d6 4. Nf3 Bg4 5. Be2 e6 6. O-O Be7 7. c4 Nb6 8. Nc3 O-O 9. Be3 N8d7 10. h3 Bxf3 11. gxf3 dxe5 12. dxe5 Nxe5 13. b3 c6 14. f4 Ng6 15. Kh1 Qc7 16. Qd4 Bf6 17. Qd2 Rad8 18. Qc2 Nxf4 19. Bg4 Bd4 20. Rad1 Bxe3 21. fxe3 Ng6 22. Ne4 Qe5 23. Rxd8 Rxd8 24. Bf3 f5 25. Ng5 h6 26. Bh5 Nh8 27. Nf3 Qf6 28. Qg2 g6 29. Rg1 Kh7 30. Nh4 Rg8 31. Qg3 Rg7 32. Be2 Nd7 33. Bd3 Ne5 34. Bc2 Nhf7 35. Rf1 Qg5 36. Qf2 Rg8 37. Rg1 Qf6 38. Ng2 g5 39. Ne1 Kh8 40. Nf3 Nxf3 41. Qxf3 Qc3 42. Qh5 Rg7 43. Rxg5 Rxg5 44. Qxf7 Qe1+ 0-1


[Site "https://www.chess.com"]

[Event "Titled Tuesday Blitz April 4 Late 2023"]
[White "Mazurkiewicz, Michal"]
[Black "lluiss"]
[WhiteFideId "1124943"]
[WhiteElo "2054"]
[BlackElo "2250"]
[Result "0-1"]
[Round "02"]
[TimeControl "180+2"]
[Date "2023.04.04"]
[WhiteClock "0:00:05"]
[BlackClock "0:00:09"]

1. e4 c5 2. Nf3 d6 3. g3 Nf6 4. d3 g6 5. Bg2 Bg7 6. O-O O-O 7. Re1 Nc6 8. e5 Ng4 9. exd6 exd6 10. h3 Nge5 11. c3 h6 12. Nxe5 Nxe5 13. d4 cxd4 14. cxd4 Nc6 15. Be3 Bd7 16. Nc3 Qa5 17. a3 a6 18. b4 Qd8 19. Rc1 Kh7 20. Ne4 Bf5 21. g4 Bxe4 22. Bxe4 Rc8 23. Qd3 Qd7 24. f4 d5 25. Bf3 Ne7 26. Rc5 b6 27. Rxc8 Rxc8 28. Qxa6 Rc3 29. Qxb6 Rxa3 30. Qc5 Nc6 31. b5 Rxe3 32. Rxe3 Bxd4 33. Qxc6 Bxe3+ 34. Kg2 Qa7 35. Qxd5 Bg1 36. f5 Qf2+ 37. Kh1 Qh2# 0-1


[Site "https://www.chess.com"]

[Event "Titled Tuesday Blitz April 4 Late 2023"]
[White "Andreassen, Lars"]
[Black "Jovic, Stanoje"]
[WhiteFideId "1504878"]
[BlackFideId "905020"]
[WhiteElo "2119"]
[BlackElo "2236"]
[Result "1-0"]
[Round "02"]
[TimeControl "180+2"]
[Date "2023.04.04"]
[WhiteClock "0:00:30"]
[BlackClock "0:00:10"]

1. d4 Nf6 2. Nf3 e6 3. c4 b6 4. g3 Ba6 5. Bg2 Bxc4 6. O-O Bd5 7. Nc3 Bb7 8. Re1 d5 9. e4 Nxe4 10. Nxe4 dxe4 11. Ng5 Bb4 12. Qa4+ Nc6 13. Rxe4 O-O 14. Qc2 h6 15. Rh4 g6 16. Rxh6 Ne7 17. Bxb7 Nf5 18. Rh7 Rb8 19. Be4 Be7 20. Bxf5 exf5 21. h4 Rc8 22. Qc6 Bxg5 23. Bxg5 Qxd4 24. Rh6 Kg7 25. Re1 Rce8 26. Rxe8 Rxe8 27. Qxe8 1-0


[Site "https://www.chess.com"]

[Event "Titled Tuesday Blitz April 4 Late 2023"]
[White "Sztokbant, Bernardo Vainzoff"]
[Black "Georg, Heinz"]
[WhiteFideId "2115956"]
[BlackFideId "4607295"]
[WhiteElo "2222"]
[BlackElo "2239"]
[Result "1-0"]
[Round "02"]
[TimeControl "180+2"]
[Date "2023.04.04"]
[WhiteClock "0:00:49"]
[BlackClock "0:00:09"]

1. e4 e5 2. Nf3 Nc6 3. d4 exd4 4. Bc4 Bc5 5. O-O d6 6. c3 dxc3 7. Nxc3 Nf6 8. Bg5 h6 9. Bh4 Be6 10. Bxe6 fxe6 11. Qb3 Qd7 12. Rad1 O-O 13. e5 Nh5 14. Ne4 b6 15. exd6 cxd6 16. Rfe1 d5 17. Nxc5 bxc5 18. Qe3 Rae8 19. Qxc5 Rxf3 20. gxf3 g5 21. Bg3 Ne7 22. Qd6 Qxd6 23. Bxd6 Nf5 24. Bg3 Kf7 25. Rc1 Re7 26. Be5 Nh4 27. Rc3 Nf4 28. Bxf4 gxf4 29. Rec1 Kf6 30. Kf1 Kf5 31. Rc7 Rxc7 32. Rxc7 Nxf3 33. Rxa7 Nxh2+ 34. Kg2 Ng4 35. Rh7 d4 36. a4 e5 37. a5 e4 38. a6 f3+ 39. Kg3 d3 40. Rd7 Ne5 41. Rd8 1-0


[Site "https://www.chess.com"]

[Event "Titled Tuesday Blitz April 4 Late 2023"]
[White "Onslow, Alfie"]
[Black "Dudzinski, Pawel"]
[WhiteFideId "436976"]
[BlackFideId "1117890"]
[WhiteElo "2114"]
[BlackElo "2099"]
[Result "0-1"]
[Round "02"]
[TimeControl "180+2"]
[Date "2023.04.04"]
[WhiteClock "0:01:15"]
[BlackClock "0:00:38"]

1. e4 c6 2. Nf3 d5 3. exd5 cxd5 4. Ne5 Nc6 5. d4 Nxe5 6. dxe5 a6 7. c4 Be6 8. Qa4+ Qd7 9. Qxd7+ Kxd7 10. cxd5 Bxd5 11. Nc3 Bc6 12. Bf4 e6 13. O-O-O+ Kc7 14. f3 Ne7 15. Bd3 Ng6 16. Bg3 h5 17. Bxg6 fxg6 18. h4 Be7 19. Rhe1 g5 20. hxg5 Bxg5+ 21. Kb1 h4 22. Bh2 h3 23. f4 hxg2 24. Bg3 Bh4 25. Bxh4 Rxh4 26. Ne4 Bxe4+ 27. Rxe4 Rh1 28. Ree1 Rxe1 29. Rxe1 Rh8 30. Kc2 0-1


[Site "https://www.chess.com"]

[Event "Titled Tuesday Blitz April 4 Late 2023"]
[White "Prydun, Andriy"]
[Black "Osmonbekov, Talaibek"]
[WhiteFideId "14145898"]
[BlackFideId "2017253"]
[WhiteElo "2164"]
[BlackElo "2135"]
[Result "1-0"]
[Round "02"]
[TimeControl "180+2"]
[Date "2023.04.04"]
[WhiteClock "0:00:03"]
[BlackClock "0:00:03"]

1. g3 f5 2. Bg2 Nf6 3. d4 e6 4. Bg5 Be7 5. Nc3 O-O 6. Bxf6 Bxf6 7. e4 c5 8. e5 cxd4 9. exf6 dxc3 10. fxg7 Kxg7 11. b3 Nc6 12. Ne2 Qf6 13. O-O d5 14. Re1 Bd7 15. Nf4 Kh8 16. Re2 Rac8 17. Rc1 b5 18. a3 a5 19. Qe1 b4 20. axb4 Nd4 21. Re3 axb4 22. Nd3 Rg8 23. Nxb4 f4 24. Rd3 Bb5 25. Qd1 Bxd3 26. Nxd3 fxg3 27. hxg3 Rcf8 28. Qf1 Nf3+ 29. Bxf3 Qxf3 30. Re1 Rf6 31. Qg2 Qxg2+ 32. Kxg2 Ra8 33. Nb4 Rb8 34. Nc6 Ra8 35. Re2 Ra2 36. Nd4 Kg8 37. Nb5 1-0


[Site "https://www.chess.com"]

[Event "Titled Tuesday Blitz April 4 Late 2023"]
[White "Torres Hernandez, Leslie Carolin"]
[Black "Romero Pallares, Daniel"]
[WhiteFideId "8400504"]
[BlackFideId "32025637"]
[WhiteElo "1920"]
[BlackElo "2195"]
[Result "0-1"]
[Round "02"]
[TimeControl "180+2"]
[Date "2023.04.04"]
[WhiteClock "0:00:06"]
[BlackClock "0:01:10"]

1. e4 g6 2. d4 Bg7 3. Nc3 d6 4. Be3 a6 5. Qd2 b5 6. a3 Nd7 7. Nf3 Bb7 8. h4 h6 9. Be2 e6 10. d5 e5 11. a4 Ngf6 12. axb5 axb5 13. Rxa8 Qxa8 14. Bxb5 Qa1+ 15. Qc1 Qa5 16. O-O O-O 17. Bxh6 Nc5 18. Bxg7 Kxg7 19. Bd3 Qb4 20. Re1 Ra8 21. Ng5 Bc8 22. f4 Ng4 23. Nf3 Nxd3 24. cxd3 Qb6+ 25. Kh1 Nf2+ 26. Kh2 Nxd3 27. Qd2 Nxe1 28. Qxe1 Bg4 29. fxe5 Bxf3 30. gxf3 Qxb2+ 31. Kg3 dxe5 32. d6 cxd6 33. Nd5 Ra3 0-1


[Site "https://www.chess.com"]

[Event "Titled Tuesday Blitz April 4 Late 2023"]
[White "Moore, Nicholas"]
[Black "Chabris, Christopher"]
[WhiteFideId "4303709"]
[BlackFideId "2005263"]
[WhiteElo "2469"]
[BlackElo "2218"]
[Result "0-1"]
[Round "02"]
[TimeControl "180+2"]
[Date "2023.04.04"]
[WhiteClock "0:00:10"]
[BlackClock "0:00:16"]

1. d4 Nf6 2. c4 e6 3. Nf3 Bb4+ 4. Nbd2 O-O 5. a3 Bxd2+ 6. Qxd2 b6 7. g3 Bb7 8. Bg2 d5 9. b3 Nbd7 10. O-O Rc8 11. Bb2 c5 12. cxd5 Bxd5 13. b4 c4 14. Rac1 b5 15. Ne1 Bxg2 16. Nxg2 Nb6 17. f3 e5 18. Rfd1 e4 19. Qg5 Qd5 20. h4 Rfe8 21. Nf4 Qxg5 22. hxg5 Nfd5 23. Kf2 e3+ 24. Kg2 Nxf4+ 25. gxf4 Nd5 26. Kg3 c3 27. Ba1 Rc4 28. Rd3 Rec8 29. Rc2 g6 30. Kg4 Kg7 31. f5 f6 32. fxg6 Kxg6 33. gxf6 Kxf6 34. f4 Rg8+ 35. Kf3 Kf5 36. Bxc3 Rc7 37. Rc1 Rcg7 38. Be1 Rg4 39. Rc5 Rxf4# 0-1


[Site "https://www.chess.com"]

[Event "Titled Tuesday Blitz April 4 Late 2023"]
[White "ritanovikova"]
[Black "Gasparyan, David"]
[BlackFideId "13311980"]
[WhiteElo "2217"]
[BlackElo "2468"]
[Result "0-1"]
[Round "02"]
[TimeControl "180+2"]
[Date "2023.04.04"]
[WhiteClock "0:00:06"]
[BlackClock "0:00:59"]

1. e4 c5 2. Nc3 Nc6 3. d3 e5 4. Be3 d6 5. g3 g6 6. Qd2 Bg7 7. Bg2 Nd4 8. Nd1 Be6 9. c3 Nc6 10. Ne2 Qd7 11. h4 d5 12. d4 exd4 13. cxd4 dxe4 14. dxc5 f5 15. Qxd7+ Bxd7 16. Ndc3 Nb4 17. O-O Nc2 18. Rad1 Nxe3 19. fxe3 Ne7 20. Nd4 Be5 21. Kf2 O-O 22. Rd2 a5 23. Ndb5 Be6 24. Nd6 Rab8 25. Rfd1 b6 26. cxb6 Rxb6 27. Na4 Rb4 28. b3 Rd8 29. Nxf5 Rxd2+ 30. Rxd2 gxf5 31. Rd8+ Kf7 32. Ra8 Rb5 33. Bf1 Rd5 34. Ra6 Rd2+ 35. Ke1 Rxa2 36. Ra7 Bxb3 37. Nc5 Bc3# 0-1


[Site "https://www.chess.com"]

[Event "Titled Tuesday Blitz April 4 Late 2023"]
[White "liwadas82"]
[Black "Araujo, Everson De Moura"]
[BlackFideId "22737197"]
[WhiteElo "2462"]
[BlackElo "2035"]
[Result "1-0"]
[Round "02"]
[TimeControl "180+2"]
[Date "2023.04.04"]
[WhiteClock "0:00:46"]
[BlackClock "0:00:15"]

1. e4 e6 2. d4 d5 3. Nd2 Nc6 4. Ngf3 Nf6 5. e5 Nd7 6. c4 dxc4 7. Bxc4 Nb6 8. Bb5 Bd7 9. Qe2 a6 10. Bd3 Nb4 11. Be4 Bb5 12. Qe3 N6d5 13. Qb3 Nf4 14. Nc4 Nxg2+ 15. Kd1 Nd5 16. Rg1 Ngf4 17. a4 Bc6 18. Na5 Qd7 19. Nxc6 bxc6 20. Qb7 Rd8 21. Bxf4 Nxf4 22. Bxc6 1-0


[Site "https://www.chess.com"]

[Event "Titled Tuesday Blitz April 4 Late 2023"]
[White "Olsson, William"]
[Black "Antonova, Nadezhda"]
[WhiteFideId "1741721"]
[BlackFideId "14700182"]
[WhiteElo "2197"]
[BlackElo "1765"]
[Result "1-0"]
[Round "02"]
[TimeControl "180+2"]
[Date "2023.04.04"]
[WhiteClock "0:00:19"]
[BlackClock "0:00:04"]

1. c4 Nf6 2. g3 g6 3. Bg2 Bg7 4. Nc3 O-O 5. Nf3 d6 6. O-O Nc6 7. Rb1 a5 8. a3 e5 9. d3 Nd4 10. b4 axb4 11. axb4 Bg4 12. Ne1 c6 13. h3 Be6 14. e3 Nf5 15. Nc2 d5 16. cxd5 Nxd5 17. Bb2 Nxc3 18. Bxc3 Qd7 19. Qe2 Rfd8 20. Rfd1 Nd6 21. Kh2 Nb5 22. Be1 Ra2 23. Bf1 Na3 24. Rbc1 Bb3 25. Rd2 Nxc2 26. Rdxc2 Bxc2 27. Rxc2 Rxc2 28. Qxc2 Qd5 29. Bc3 Qd6 30. Qb2 h5 31. h4 Ra8 32. Qc2 Qd5 33. Bg2 Qa2 34. Bb2 e4 35. d4 Qa4 36. Qd2 Qb3 37. Qc3 Qxc3 38. Bxc3 Ra3 39. Bd2 Ra2 40. Be1 Ra1 41. Bc3 Rc1 42. Bd2 Rc2 43. Be1 Bf8 44. Kg1 Rb2 45. Bxe4 Rb1 46. Bxb1 1-0


[Site "https://www.chess.com"]

[Event "Titled Tuesday Blitz April 4 Late 2023"]
[White "Srdanovic, Jovana"]
[Black "Santos Flores, Alberto"]
[WhiteFideId "954810"]
[BlackFideId "3601234"]
[WhiteElo "2145"]
[BlackElo "2235"]
[Result "0-1"]
[Round "02"]
[TimeControl "180+2"]
[Date "2023.04.04"]
[WhiteClock "0:00:10"]
[BlackClock "0:01:10"]

1. d4 d5 2. c4 c6 3. Nf3 Nf6 4. Nc3 dxc4 5. a4 Bf5 6. Ne5 e6 7. f3 Bb4 8. h4 c5 9. Be3 Nd5 10. Bd2 cxd4 11. Nxd5 Bxd2+ 12. Qxd2 exd5 13. Qxd4 Nc6 14. Nxc6 bxc6 15. g4 Be6 16. Rd1 O-O 17. Kf2 Qb6 18. e3 Qxd4 19. exd4 Rab8 20. Rd2 Rb4 21. Bh3 Rfb8 22. Rb1 Rxa4 23. f4 Rab4 24. f5 Bd7 25. Rc2 a5 26. Ke3 a4 27. Ra1 Rb3+ 28. Rc3 Rxb2 29. Rxa4 Rh2 30. Kf4 h6 31. Ra7 Rb3 32. Rxb3 cxb3 33. Kg3 b2 34. Kxh2 b1=Q 35. Rxd7 Qc2+ 36. Kg3 Qd3+ 37. Kh2 Qxd4 38. Rd8+ Kh7 39. Bg2 Qf6 40. Rd7 Qxh4+ 41. Kg1 Qf6 42. Rc7 h5 43. gxh5 Kh6 44. Rb7 Kxh5 45. Rb1 Kg5 46. Rf1 Qe5 47. Rf3 c5 48. Kf2 d4 49. Rg3+ Kf6 50. Bh3 c4 51. Ra3 d3 52. Ra6+ Kg5 53. Ra3 Qc5+ 54. Kf3 0-1


[Site "https://www.chess.com"]

[Event "Titled Tuesday Blitz April 4 Late 2023"]
[White "Rosenberg, Evan S"]
[Black "Saya, Ethan"]
[WhiteFideId "2019299"]
[BlackFideId "26095181"]
[WhiteElo "2197"]
[BlackElo "2189"]
[Result "0-1"]
[Round "02"]
[TimeControl "180+2"]
[Date "2023.04.04"]
[WhiteClock "0:00:04"]
[BlackClock "0:00:15"]

1. d4 d5 2. Nf3 e6 3. g3 Nf6 4. Bg2 Be7 5. O-O O-O 6. c4 dxc4 7. Qc2 a6 8. a4 Bd7 9. Qxc4 Bc6 10. Bg5 Nbd7 11. Nc3 Ne4 12. Nxe4 Bxe4 13. Bxe7 Qxe7 14. Qxc7 Rfc8 15. Qf4 Bxf3 16. Bxf3 Qb4 17. b3 Rc3 18. Rac1 Rac8 19. Rxc3 Rxc3 20. Rc1 Qxb3 21. Rxc3 Qxc3 22. Qd6 Qa1+ 23. Kg2 Qxa4 24. Bxb7 Nf8 25. Bxa6 g6 26. e3 Qd1 27. Bb7 h5 28. Bf3 Qd2 29. Qe7 Kg7 30. h3 Qa5 31. g4 hxg4 32. hxg4 g5 33. Be4 Ng6 34. Bxg6 Kxg6 35. Qb7 Qd2 36. Qe4+ Kg7 37. Qe5+ Kg6 38. Qh8 Qe2 39. Qh5+ Kf6 40. Qh6+ Ke7 41. Qxg5+ Ke8 42. Qf4 Ke7 43. g5 Qh5 44. Qf6+ Ke8 45. Qf4 Qe2 46. Kg3 Qh5 47. d5 exd5 48. Qe5+ Kf8 49. Qxd5 Kg7 50. Qe5+ Kg8 51. Qf6 Qh1 52. Qf3 Qg1+ 53. Qg2 Qe1 54. Kh2 Kg7 55. e4 Kg6 56. Qg3 Qxe4 57. Kh3 Qf5+ 58. Qg4 Qxf2 59. Qe4+ Kxg5 60. Qg4+ Kf6 61. Qh4+ Qxh4+ 62. Kxh4 Kf5 63. Kg3 Ke4 64. Kg2 Kf4 65. Kf2 f5 66. Kf1 Kf3 0-1


[Site "https://www.chess.com"]

[Event "Titled Tuesday Blitz April 4 Late 2023"]
[White "Silva, Pedro Gil Ferreira Da"]
[Black "MClarke95"]
[WhiteFideId "1946102"]
[WhiteElo "2255"]
[BlackElo "2184"]
[Result "1-0"]
[Round "02"]
[TimeControl "180+2"]
[Date "2023.04.04"]
[WhiteClock "0:01:29"]
[BlackClock "0:00:14"]

1. c4 e6 2. Nf3 d5 3. g3 Nf6 4. Bg2 d4 5. O-O c5 6. e3 Nc6 7. exd4 cxd4 8. d3 Be7 9. a3 a5 10. Re1 O-O 11. Bg5 Nd7 12. Bxe7 Qxe7 13. Nbd2 Nc5 14. Qe2 Rd8 15. Rab1 a4 16. Ne4 Bd7 17. Nxc5 Qxc5 18. Ne5 Be8 19. h4 Na5 20. h5 h6 21. Qg4 Ra6 22. f4 Nc6 23. Qh4 f6 24. Ng6 Bf7 25. Bh3 Ne7 26. Nxe7+ Qxe7 27. Bf5 Qc5 28. Bg4 Rb6 29. Re2 Rdd6 30. Rbe1 f5 31. Bf3 Rb3 32. Re5 Qb6 33. c5 1-0


[Site "https://www.chess.com"]

[Event "Titled Tuesday Blitz April 4 Late 2023"]
[White "Kukula, Pawel"]
[Black "Prohorov, Olexandr"]
[WhiteFideId "1115081"]
[BlackFideId "14105578"]
[WhiteElo "2012"]
[BlackElo "1966"]
[Result "1-0"]
[Round "02"]
[TimeControl "180+2"]
[Date "2023.04.04"]
[WhiteClock "0:01:34"]
[BlackClock "0:02:09"]

1. d4 g6 2. c4 Bg7 3. Nc3 c5 4. d5 Bxc3+ 5. bxc3 f5 6. e4 fxe4 7. f3 e3 8. f4 Qa5 9. Qc2 d6 10. Bxe3 Nf6 11. Bd3 Nbd7 12. Nf3 Nb6 13. O-O Bd7 14. Ng5 Qa4 15. Qe2 Bg4 16. Nf3 O-O-O 17. h3 Bxf3 18. Rxf3 Rde8 19. Bf2 e6 20. dxe6 d5 21. Bxc5 Nxc4 22. Bd4 Rhf8 23. f5 gxf5 24. Rxf5 Ng8 25. Rxd5 Nb6 26. Bb5 1-0


[Site "https://www.chess.com"]

[Event "Titled Tuesday Blitz April 4 Late 2023"]
[White "Barria Santos, Jose Guilherme"]
[Black "QuiesPrecatio"]
[WhiteFideId "1939300"]
[WhiteElo "2266"]
[BlackElo "2457"]
[Result "0-1"]
[Round "02"]
[TimeControl "180+2"]
[Date "2023.04.04"]
[WhiteClock "0:00:32"]
[BlackClock "0:01:12"]

1. e4 c6 2. d4 d5 3. Nc3 dxe4 4. Nxe4 Nf6 5. Nxf6+ exf6 6. c3 Bd6 7. Bd3 Nd7 8. Qc2 Nf8 9. Be3 Be6 10. c4 Bb4+ 11. Kf1 Ng6 12. a3 Bd6 13. Nf3 Qc7 14. Bf5 O-O-O 15. Bxe6+ fxe6 16. g3 f5 17. Kg2 f4 18. Bd2 fxg3 19. hxg3 Kb8 20. b4 e5 21. Be3 Rdf8 22. b5 cxb5 23. c5 Qc6 24. Qe2 exd4 25. cxd6 dxe3 26. Qxe3 Ne5 27. Qxe5 Qxf3+ 28. Kg1 Qxf2# 0-1


[Site "https://www.chess.com"]

[Event "Titled Tuesday Blitz April 4 Late 2023"]
[White "Rizzo, Tobias"]
[Black "Dylag, Emilia"]
[WhiteFideId "30942691"]
[BlackFideId "21805172"]
[WhiteElo "2457"]
[BlackElo "1878"]
[Result "1-0"]
[Round "02"]
[TimeControl "180+2"]
[Date "2023.04.04"]
[WhiteClock "0:00:03"]
[BlackClock "0:00:01"]

1. d4 Nf6 2. Bg5 e6 3. e4 h6 4. Bxf6 Qxf6 5. c3 d5 6. Nd2 c5 7. dxc5 Bxc5 8. Ngf3 O-O 9. Bd3 Nc6 10. O-O Rd8 11. Qc2 d4 12. Nb3 Bb6 13. cxd4 Nxd4 14. Nbxd4 Bxd4 15. Rfd1 Be5 16. Qc5 Bd4 17. e5 Bxc5 18. exf6 Bd7 19. fxg7 Kxg7 20. Rac1 Bb6 21. Be4 Rab8 22. Ne5 Bb5 23. g3 Bd4 24. Nf3 Bxb2 25. Rxd8 Rxd8 26. Rb1 Bd3 27. Bxd3 Rxd3 28. Rxb2 Rxf3 29. Rxb7 Ra3 30. Rb2 Kf6 31. Kf1 Kf5 32. Ke2 Kg4 33. h4 h5 34. Kd2 Kf3 35. Kc1 e5 36. Kb1 f5 37. Kc1 e4 38. Kd1 e3 39. fxe3 Kxe3 40. Rb5 Rxa2 41. Rxf5 Rd2+ 42. Kc1 Rg2 43. Rxh5 Rxg3 44. Ra5 Rg4 45. h5 Rh4 46. Kc2 Kf4 47. Kd3 Kg3 48. Rxa7 Kh3 49. Ra5 1-0


[Site "https://www.chess.com"]

[Event "Titled Tuesday Blitz April 4 Late 2023"]
[White "Svicevic, Rastko"]
[Black "Golubev, Mikhail"]
[WhiteFideId "916315"]
[BlackFideId "14100983"]
[WhiteElo "2071"]
[BlackElo "2374"]
[Result "0-1"]
[Round "02"]
[TimeControl "180+2"]
[Date "2023.04.04"]
[WhiteClock "0:00:15"]
[BlackClock "0:00:19"]

1. d4 Nf6 2. Bg5 Ne4 3. Bf4 c5 4. d5 d6 5. f3 Nf6 6. e4 e6 7. Nc3 exd5 8. exd5 Be7 9. Bc4 O-O 10. Nge2 a6 11. a4 Nh5 12. Bg3 Nd7 13. a5 Nxg3 14. hxg3 Ne5 15. b3 Bf6 16. O-O Re8 17. Qd2 Nxc4 18. bxc4 g6 19. Ra3 Bg7 20. Rb1 h5 21. Ne4 Bf5 22. Rxb7 Bxe4 23. fxe4 Qc8 24. Rb6 Rxe4 25. Rxd6 Qg4 26. Rf3 Rae8 27. Nf4 Re1+ 28. Kh2 Bd4 29. Nh3 R8e2 30. Qh6 Qxh3+ 31. Kxh3 Rh1# 0-1


[Site "https://www.chess.com"]